 Dungeon Crawl Stone Soup version 0.30.1-11-g7821555f0a (webtiles) character file.

Game seed: 12347515790856290780

268 SacredBeard the Grave Robber (level 6, 0/45 (47) HPs)
             Began as a Demonspawn Necromancer on Nov 28, 2023.
             Slain by Ijyb
             ... wielding a +0 dagger
              (5 damage)
             ... on level 5 of the Dungeon.
             The game lasted 00:08:00 (3802 turns).

SacredBeard the Grave Robber (DsNe)                 Turns: 3802, Time: 00:08:00

HP:   0/45 (47)     AC:  0    Str:  8    XL:     6   Next: 1%
MP:   0/9           EV: 14    Int: 17    God:
Gold: 162           SH:  0    Dex: 15    Spells: 8/9 levels left

rFire   . . .        t - melded +6 sling "Kazucwio" {flame, rN+ Str+5}
rCold   . . .        (shield currently unavailable)
rNeg    . . .        o - melded +2 robe {rC+ rF+}
rPois   .            r - melded +1 helmet
rElec   .            (cloak currently unavailable)
rCorr   .            (gloves unavailable)
SInv    .            j - melded +0 pair of boots
Will    .....        a - amulet of guardian spirit
Stlth   ++           (ring currently unavailable)
HPRegen 0.27/turn    (ring currently unavailable)
MPRegen 0.11/turn

%: guardian spirit
@: pig-form, lightly drained, very quick
A: fast, no casting, small, (claws 3), (yellow scales 1)
a: no special abilities


You were on level 5 of the Dungeon.
You were a filthy swine.
You visited 1 branch of the dungeon, and saw 6 of its levels.

You collected 162 gold pieces.

Inventory:

Hand Weapons
 t - the +6 sling "Kazucwio" (melded) {flame, rN+ Str+5}
   (You found it on level 3 of the Dungeon)

   Str:       It affects your strength (+5).
   rN:        It protects you from negative energy.
Missiles
 c - 51 stones
 u - 2 throwing nets
Armour
 e - a +1 pair of gloves of stealth
 j - a +0 pair of boots (melded)
 o - a +2 robe of resistance (melded)
 r - a +1 helmet (melded)
Jewellery
 a - an amulet of guardian spirit (around neck)
Wands
 v - a wand of polymorph (8)
Scrolls
 i - a scroll of noise {unknown}
 k - 3 scrolls of identify {unknown}
 l - a scroll of blinking {unknown}
 m - 4 scrolls of teleportation {unknown}
 q - a scroll of immolation {unknown}
 s - a scroll of fear {unknown}
 w - a scroll of enchant weapon {unknown}
Potions
 b - 2 potions of magic
 d - a potion of degeneration {unknown}
 f - 2 potions of curing {unknown}
 g - 2 potions of heal wounds {unknown}
 h - 2 potions of haste {unknown}
 n - a potion of might {unknown}
 p - a potion of mutation {unknown}


   Skills:
 - Level 3.0 Fighting
 - Level 1.7 Dodging
 + Level 2.1 Stealth
 - Level 2.0 Unarmed Combat
 - Level 2.0 Spellcasting
 * Level 6.4 Necromancy


You had 8 spell levels left.
You knew the following spells:

 Your Spells              Type           Power      Damage    Failure   Level
a - Necrotise             Necr           92%        1d8       1%          1

Your spell library contained the following spells:

 Spells                   Type           Power      Damage    Failure   Level
 Vampiric Draining        Necr           23%        2d7       4%          3
 Animate Dead             Necr           23%        N/A       14%         4
 Agony                    Necr           23%        N/A       36%         5


Dungeon Overview and Level Annotations

Branches:
Dungeon (6/15) Zot: 26883
 Temple: D:4-7

Altars:
Cheibriados
Makhleb

Shops:
D:2 (

Annotations:
D:3 3 runed translucent doors, bimbombam's ghost, amateur DjFE
D:5 Ijyb


Innate Abilities, Weirdness & Mutations

You are a filthy swine.
You move quickly.
Your equipment is almost entirely melded.
You are incapable of wielding weapons or throwing items.
You cannot cast spells.
((You have claws for hands.))
((You are partially covered in yellow scales. (AC +2)))


Message History

The +6 sling "Kazucwio" {flame, rN+ Str+5} melds into your body.
Your +1 helmet melds into your body.
Your +0 pair of boots melds into your body.
Your +2 robe of resistance melds into your body.
The +6 sling "Kazucwio" {flame, rN+ Str+5} stops flaming.
You feel hot and cold all over. Ijyb screams, "Me stronger than you!"
You hit Ijyb.
Ijyb is heavily wounded.
Ijyb closely misses you.
You hit Ijyb but do no damage.
Ijyb is heavily wounded.
The wight hits you from afar with a +0 halberd!
Ijyb barely misses you.
You closely miss Ijyb.
Ijyb is heavily wounded.
The wight barely misses you. Ijyb hits you with a +0 dagger.
You hit Ijyb but do no damage.
Ijyb is heavily wounded.
The wight closely misses you. Ijyb closely misses you.
You barely miss Ijyb.
Ijyb is heavily wounded.
The wight hits you from afar with a +0 halberd!
You feel drained. Ijyb barely misses you.
You hit Ijyb but do no damage.
Ijyb is heavily wounded.
The wight misses you. Ijyb hits you with a +0 dagger.
You barely miss Ijyb.
Ijyb is heavily wounded.
The wight hits you from afar with a +0 halberd!!
* * * LOW HITPOINT WARNING * * *
Ijyb screams, "Die!"
Ijyb hits you with a +0 dagger.
* * * LOW HITPOINT WARNING * * *
You closely miss Ijyb.
Ijyb is heavily wounded.
You hit Ijyb.
Ijyb is heavily wounded.
Ijyb hits you with a +0 dagger.
You die...

...........########
...........#
...........########
.........#.##......
..#.....##.#.......
#.......##......... .
#####.#............
....############............
.....†...zgh................
##..################........
##....).. #....... #...##.#
###.##.# #.##.# #..#.#
##...#


You could see Ijyb and a wight.

Vanquished Creatures
  A sleepcap (D:4)
  Robin (D:3)
  4 gnolls
  8 adders
  A white imp (D:6)
  2 worms
  2 dart slugs
  2 orcs (D:3)
  5 bats
  3 endoplasms
  3 giant cockroaches
  9 goblins
  8 hobgoblins
  A jackal (D:3)
  6 kobolds
  3 quokkas
  9 ball pythons
  A frilled lizard (D:2)
  9 rats
78 creatures vanquished.

Vanquished Creatures (collateral kills)
  Jessica (D:3)
  A goblin (D:3)
  A hobgoblin (D:3)
3 creatures vanquished.

Grand Total: 81 creatures vanquished

Notes
Turn   | Place    | Note
-------+----------+-------------------------------------------
     0 | D:1      | SacredBeard the Demonspawn Necromancer began the quest for
                  | the Orb.
     0 | D:1      | Reached XP level 1. HP: 13/13 MP: 3/3
   287 | D:1      | Gained mutation: You have sharp fingernails. [demonic
                  | ancestry]
   287 | D:1      | Reached XP level 2. HP: 19/19 MP: 3/5
   489 | D:1      | Reached skill level 5 in Necromancy
   606 | D:1      | Found a faded altar of an unknown god.
  1123 | D:2      | Found a burning altar of Makhleb.
  1272 | D:2      | Found Inikufu's Antique Weapon Shoppe.
  1381 | D:2      | Reached skill level 1 in Fighting
  1381 | D:2      | Gained mutation: You have very sharp fingernails. [demonic
                  | ancestry]
  1381 | D:2      | Reached XP level 3. HP: 26/26 MP: 1/6
  1460 | D:2      | Reached skill level 1 in Unarmed Combat
  1661 | D:2      | Reached XP level 4. HP: 27/33 MP: 1/7
  2406 | D:3      | Noticed Jessica
  2417 | D:3      | Killed Jessica
  2483 | D:3      | Found a snail-covered altar of Cheibriados.
  2612 | D:3      | Gained mutation: You are partially covered in yellow
                  | scales. (AC +2) [demonic ancestry]
  2612 | D:3      | Reached XP level 5. HP: 33/39 MP: 4/8
  2797 | D:3      | Found a runed translucent gate.
  2798 | D:3      | Found a runed translucent gate.
  2799 | D:3      | Found a runed translucent gate.
  2800 | D:3      | Noticed bimbombam's ghost (amateur DjFE)
  2828 | D:3      | Noticed Robin
  2854 | D:3      | Killed Robin
  3168 | D:3      | Identified the +6 sling "Kazucwio" {flame, rN+ Str+5}
  3316 | D:3      | Reached skill level 6 in Necromancy
  3669 | D:4      | You fall into a shaft and drop 2 floors!
  3686 | D:5      | Entered Level 5 of the Dungeon
  3779 | D:5      | Gained mutation: You have claws for hands. [demonic
                  | ancestry]
  3779 | D:5      | Reached XP level 6. HP: 47/47 MP: 9/9
  3779 | D:5      | Noticed Ijyb
  3802 | D:5      | Slain by Ijyb

Illustrated notes

Levels and vault maps discovered:
D:1:      lemuel_arrival_behind_the_door_small, layout_loops_ring,
          ebering_ecumenical_altar_abandoned
D:2:      layout_loops_ring, basic_altar, serial_shops, shop, minivault_19
D:3:      minmay_octagon_keep, layout_basic, mainiacjoe_overflow_tiny_flanked,
          gammafunk_ghost_necromancy, minmay_misc_feat_more_columns,
          amethyst_killhole, uniq_jessica, uniq_robin
D:4:      layout_rooms, hangedman_decor_peaks_small
D:5:      layout_rooms, nrook_mini_backslash, uniq_ijyb
D:6:      layout_basic, ebering_ghost_rock_garden,
          nicolae_ossuary_entry_catacombs, minmay_fractal_squares_5,
          uniq_edmund, uniq_duvessa

Skill      XL: |  1  2  3  4  5 |
---------------+----------------+-----
Necromancy     | 5 6 |  6.4
Fighting       | 1 2 3 |  3.0
Unarmed Combat | 1 2 |  2.0
Stealth        | 2 |  2.1
Dodging        | |  1.7
Spellcasting   | |  2.0

Action                     |  1- 3 |  4- 6 || total
---------------------------+-------+-------++-------
  Melee: Whip              |     2 |       ||     2
         Unarmed           |     1 |     9 ||    10
         Short sword       |    20 |    20 ||    40
         Punch             |     2 |     2 ||     4
   Fire: Sling             |       |    55 ||    55
  Throw: Stone             |     4 |     4 ||     8
   Cast: Necrotise         |    57 |    51 ||   108
 Armour: Robe              |     3 |    18 ||    21
  Dodge: Dodged            |    18 |    51 ||    69
